Staline vs Patriotes
(R1)
Created - December 17, 2018 at 21:05
Goals
|
| Staline |
0 |
2 |
1 |
3 |
| Patriotes |
2 |
2 |
2 |
6 |
|
Shots
|
| Staline |
12 |
7 |
9 |
28 |
| Patriotes |
18 |
7 |
16 |
41 |
|
1st period
1. Patriotes , Tyler Randell 15 (Evgeny Kuznetsov 21, Dillon Heatherington 5) at 6:36
2. Patriotes , Evgeny Kuznetsov 12 (Timothy Kunes 22) at 11:18 (PP)
Penalties :
Alex Petrovic (StJ) for Holding (Minor) at 0:28, Lars Eller (StJ) for Hooking (Minor) at 10:42, Marek Zagrapan (StJ) for Roughing (Minor) at 16:21
2nd period
3. Staline , Nick Spaling 17 (Mike Reilly 10, Andrew Hammond) at 4:16
4. Staline , Jordan Szwarz 12 (Cameron Gaunce 15, Corey Trivino 14) at 4:30
5. Patriotes , Evgeny Kuznetsov 13 (Jason Zucker 21, Timothy Kunes 23) at 6:52
6. Patriotes , Emerson Etem 12 (Matt Calvert 16, Aleksander Barkov 18) at 7:14
Penalties :
Matt Calvert (Nyc) for Holding Stick (Minor) at 2:15, Alex Petrovic (StJ) for Cross-checking (Minor) at 11:14, Andrey Pedan (StJ) for Slashing (Minor) at 13:43, Timothy Kunes (Nyc) for Interference (Minor) at 17:41
3rd period
7. Patriotes , Emerson Etem 13 (Matt Calvert 17, Shea Theodore 7) at 5:25
8. Staline , Nick Spaling 18 (Jason Akeson 11, Lars Eller 29) at 10:43 (PP)
9. Patriotes , Jason Zucker 19 (Tyler Randell 22, Christian Hanson 22) at 11:23 (PP)
Penalties :
Tyler Pitlick (StJ) for Hooking (Minor) at 1:08, Shane Sims (Nyc) for Tripping (Minor) at 6:36, Shane Sims (Nyc) for Tripping (Minor) at 10:04, Alex Petrovic (StJ) for Roughing (Minor) at 11:02
Goalie Stats
Andrew Hammond (StJ), 35 saves from 41 shots - (0.854), L, 6-5-1, 60:00 minutes
Andrei Vasilevskiy (Nyc), 25 saves from 28 shots - (0.893), W, 5-1-3, 60:00 minutes
Players Stats for Staline
Player Name G A P +/- PIM S H SB GA TA FO MP PP MP PK MP
------------------------------------------------------------------------------------
Alex Petrovic 0 0 0 -1 6 2 3 5 0 1 0/0 27:17 3:57 3:32
Andrey Pedan 0 0 0 -1 2 1 1 0 0 0 0/0 10:50 0:00 0:51
Barclay Goodrow 0 0 0 0 0 0 1 0 0 0 0/0 6:06 0:00 0:00
Bryan Bickell 0 0 0 -1 0 2 3 0 0 3 0/0 16:03 2:48 1:12
Cameron Gaunce 0 1 1 -1 0 2 2 2 0 3 0/0 29:15 3:57 6:08
Charles Hudon 0 0 0 0 0 0 1 0 0 0 0/0 6:06 0:00 0:00
Corey Trivino 0 1 1 -1 0 0 3 2 0 0 10/21 20:46 2:48 6:14
Jason Akeson 0 1 1 -1 0 1 4 0 1 0 1/1 21:08 3:46 3:21
Jiri Sekac 0 0 0 0 0 1 1 0 1 0 0/0 10:19 0:02 0:00
Jordan Szwarz 1 0 1 -1 0 4 1 0 0 0 0/0 14:27 2:48 0:00
Lars Eller 0 1 1 -1 2 4 1 0 2 1 15/36 21:00 3:46 3:14
Marek Zagrapan 0 0 0 0 2 4 1 0 0 1 3/6 10:23 0:02 0:00
Mike Reilly 0 1 1 -1 0 2 0 0 0 0 0/0 17:00 2:39 4:08
Nick Spaling 2 0 2 -1 0 4 3 3 1 0 2/2 23:54 3:46 6:19
Peter Holland 0 0 0 0 0 0 2 0 0 1 0/0 7:54 0:00 1:24
Philip Larsen 0 0 0 0 0 0 2 2 0 0 0/0 15:30 0:00 2:21
Tyler Pitlick 0 0 0 0 2 1 2 0 0 0 0/0 10:36 0:02 0:00
Viktor Loov 0 0 0 0 0 0 1 2 0 0 0/0 20:27 2:39 4:44
Players Stats for Patriotes
Player Name G A P +/- PIM S H SB GA TA FO MP PP MP PK MP
------------------------------------------------------------------------------------
Aaron Ness 0 0 0 1 0 0 0 2 0 1 0/0 16:55 0:00 0:00
Aleksander Barkov 0 1 1 2 0 0 0 0 0 0 7/12 11:29 0:00 0:00
Austin Watson 0 0 0 0 0 0 0 0 0 0 0/1 3:10 1:01 0:53
Borna Rendulic 0 0 0 0 0 0 1 0 0 0 0/1 7:37 0:08 0:00
Christian Hanson 0 1 1 -1 0 2 1 1 1 0 7/10 17:10 6:00 3:45
Dale Weise 0 0 0 0 0 0 1 0 0 0 0/0 8:08 0:00 0:00
David Kolomatis 0 0 0 0 0 1 1 1 1 1 0/0 20:40 4:01 3:10
Dillon Heatherington 0 1 1 0 0 1 1 0 0 0 0/0 13:52 0:11 4:23
Emerson Etem 2 0 2 2 0 5 3 1 0 0 2/3 16:21 4:44 0:00
Evgeny Kuznetsov 2 1 3 1 0 5 1 2 1 0 14/26 19:28 4:18 0:21
Jared Knight 0 0 0 0 0 0 0 0 0 0 1/5 8:11 0:00 0:00
Jason Zucker 1 1 2 0 0 5 0 0 1 0 3/5 24:13 5:40 3:46
Justin Florek 0 0 0 0 0 0 0 0 2 0 0/0 7:04 0:03 0:00
Mario Lucia 0 0 0 0 0 0 0 0 0 0 0/0 0:00 0:00 0:00
Matt Calvert 0 2 2 1 2 4 2 1 1 0 0/0 17:33 4:44 1:10
Maxim Mamin 0 0 0 0 0 0 0 0 0 0 0/0 0:00 0:00 0:00
Riley Barber 0 0 0 0 0 0 0 0 0 0 0/0 1:59 0:00 1:26
Robert Baillargeon 0 0 0 0 0 0 0 0 0 0 0/0 0:38 0:00 0:00
Ryan Fitzgerald 0 0 0 0 0 0 0 0 0 0 0/0 1:05 0:25 0:00
Shane Sims 0 0 0 1 4 0 1 1 0 2 0/0 21:12 3:50 1:41
Shea Theodore 0 1 1 1 0 1 0 0 1 0 0/0 17:09 6:51 0:52
Timothy Kunes 0 2 2 1 2 5 2 2 0 0 0/0 29:16 6:51 3:06
Tyler Randell 1 1 2 1 0 7 1 1 1 1 1/3 22:02 5:33 1:51
Vince Hinostroza 0 0 0 0 0 5 0 0 1 0 0/0 8:08 0:00 0:00
3 Stars
1 - Evgeny Kuznetsov (Nyc)
2 - Emerson Etem (Nyc)
3 - Tyler Randell (Nyc)
Power Play
Staline - 1 on 4 Attempt(s) - 25.00%
Patriotes - 2 on 7 Attempt(s) - 28.57%
Penalty Kill
Staline - 5 on 7 Attempt(s) - 71.43%
- Score 0 goal in Penalty Kill
Patriotes - 3 on 4 Attempt(s) - 75.00%
- Score 0 goal in Penalty Kill
Team Stat
Staline - Hits : 32 - Faceoff Wins : 31 - Blocked Shots : 16 - Penalty Minutes : 14
Patriotes - Hits : 15 - Faceoff Wins : 35 - Blocked Shots : 12 - Penalty Minutes : 8
Official
Referees : Unknown
Linesman : Unknown
Game Notes
No Game Note
Finance
Level 1 -- Attendance: 1514 (75.70%) -- Ticket Income $60,560
Level 2 -- Attendance: 761 (76.10%) -- Ticket Income $15,220
Total Attendance: 2275 (75.83%)
Total Ticket Income: $75,780
Other Income: $3,789
Total Income: $79,569
Staline
5 vs 5 Forward
Center Left Wing Right Wing Time % Phy DF OF
1 Lars Eller Nick Spaling Jason Akeson 40 0 1 4
2 Corey Trivino Bryan Bickell Jordan Szwarz 30 0 1 4
3 Marek Zagrapan Jiri Sekac Tyler Pitlick 20 0 2 3
4 Peter Holland Charles Hudon Barclay Goodrow 10 1 3 1
5 vs 5 Defense
Defense Defense Time % Phy DF OF
1 Cameron Gaunce Alex Petrovic 40 0 3 2
2 Viktor Loov Philip Larsen 30 0 3 2
3 Andrey Pedan Mike Reilly 20 0 3 2
4 Cameron Gaunce Alex Petrovic 10 0 3 2
PowerPlay Forward
Center Left Wing Right Wing Time % Phy DF OF
1 Lars Eller Nick Spaling Jason Akeson 60 0 0 5
2 Corey Trivino Bryan Bickell Jordan Szwarz 40 0 0 5
PowerPlay Defense
Defense Defense Time % Phy DF OF
1 Cameron Gaunce Alex Petrovic 60 0 1 4
2 Viktor Loov Mike Reilly 40 0 1 4
Penalty Kill 4 Players Forward
Center Wing Time % Phy DF OF
1 Corey Trivino Nick Spaling 60 0 5 0
2 Lars Eller Jason Akeson 40 0 5 0
Penalty Kill 4 Players Defense
Defense Defense Time % Phy DF OF
1 Cameron Gaunce Alex Petrovic 60 0 5 0
2 Viktor Loov Mike Reilly 40 0 5 0
Penalty Kill - 3 Players Forward
Forward Time % Phy DF OF
1 Peter Holland 60 0 5 0
2 Lars Eller 40 0 5 0
Penalty Kill - 3 Players Defense
Defense Defense Time % Phy DF OF
1 Cameron Gaunce Alex Petrovic 60 0 5 0
2 Viktor Loov Mike Reilly 40 0 5 0
4 vs 4 Forward
Center Wing Time % Phy DF OF
1 Marek Zagrapan Jordan Szwarz 60 0 2 3
2 Lars Eller Jason Akeson 40 0 2 3
4 vs 4 Defense
Defense Defense Time % Phy DF OF
1 Cameron Gaunce Alex Petrovic 60 0 2 3
2 Viktor Loov Mike Reilly 40 0 2 3
Last Minutes Offensive
Center Left Wing Right Wing Defense Defense
Lars Eller Nick Spaling Jason Akeson Cameron Gaunce Alex Petrovic
Last Minutes Defensive
Center Left Wing Right Wing Defense Defense
Lars Eller Nick Spaling Jordan Szwarz Cameron Gaunce Alex Petrovic
Goaltenders
Starting : Andrew Hammond
Backup : Joni Ortio
Extra Forwards
Normal : Jordan Szwarz, Marek Zagrapan, Jason Akeson - PP : Jordan Szwarz, Marek Zagrapan - PK : Nick Spaling
Extra Defensemen
Normal : Andrey Pedan, Philip Larsen, Viktor Loov - PP : Andrey Pedan - PK : Philip Larsen, Viktor Loov
Penalty Shots
Nick Spaling, Jordan Szwarz, Lars Eller, Jason Akeson, Bryan Bickell
Scratches
Tyler Lewington (Healthy), Tobias Lindberg (Healthy), Nikita Nesterov (Healthy), Sergey Tolchinsky (Healthy), David Musil (Healthy)
Danny Kristo (Left Hand Injury), Darcy Kuemper (Healthy)
Patriotes
5 vs 5 Forward
Center Left Wing Right Wing Time % Phy DF OF
1 Evgeny Kuznetsov Jason Zucker Tyler Randell 40 1 2 2
2 Aleksander Barkov Matt Calvert Emerson Etem 30 1 2 2
3 Christian Hanson Justin Florek Borna Rendulic 20 1 2 2
4 Jared Knight Vince Hinostroza Dale Weise 10 1 2 2
5 vs 5 Defense
Defense Defense Time % Phy DF OF
1 Timothy Kunes Aaron Ness 40 1 2 2
2 Shane Sims David Kolomatis 30 1 2 2
3 Shea Theodore Dillon Heatherington 20 1 2 2
4 Timothy Kunes Shane Sims 10 1 2 2
PowerPlay Forward
Center Left Wing Right Wing Time % Phy DF OF
1 Christian Hanson Jason Zucker Tyler Randell 60 1 2 2
2 Evgeny Kuznetsov Matt Calvert Emerson Etem 40 1 2 2
PowerPlay Defense
Defense Defense Time % Phy DF OF
1 Timothy Kunes Shea Theodore 60 1 2 2
2 Shane Sims David Kolomatis 40 1 2 2
Penalty Kill 4 Players Forward
Center Wing Time % Phy DF OF
1 Jason Zucker Christian Hanson 60 1 2 2
2 Tyler Randell Matt Calvert 40 1 2 2
Penalty Kill 4 Players Defense
Defense Defense Time % Phy DF OF
1 Timothy Kunes Dillon Heatherington 60 1 2 2
2 Shane Sims David Kolomatis 40 1 2 2
Penalty Kill - 3 Players Forward
Forward Time % Phy DF OF
1 Jason Zucker 60 1 2 2
2 Christian Hanson 40 1 2 2
Penalty Kill - 3 Players Defense
Defense Defense Time % Phy DF OF
1 Timothy Kunes Dillon Heatherington 60 1 2 2
2 Shane Sims David Kolomatis 40 1 2 2
4 vs 4 Forward
Center Wing Time % Phy DF OF
1 Jason Zucker Christian Hanson 60 1 2 2
2 Tyler Randell Matt Calvert 40 1 2 2
4 vs 4 Defense
Defense Defense Time % Phy DF OF
1 Timothy Kunes Shea Theodore 60 1 2 2
2 Shane Sims David Kolomatis 40 1 2 2
Last Minutes Offensive
Center Left Wing Right Wing Defense Defense
Christian Hanson Jason Zucker Tyler Randell Timothy Kunes Shane Sims
Last Minutes Defensive
Center Left Wing Right Wing Defense Defense
Christian Hanson Jason Zucker Tyler Randell Timothy Kunes Shane Sims
Goaltenders
Starting : Andrei Vasilevskiy
Backup : Thomas Greiss
Extra Forwards
Normal : Austin Watson, Ryan Fitzgerald, Riley Barber - PP : Austin Watson, Ryan Fitzgerald - PK : Riley Barber
Extra Defensemen
Normal : Shea Theodore, Dillon Heatherington, Shane Sims - PP : Shea Theodore - PK : Dillon Heatherington, Shane Sims
Penalty Shots
Jason Zucker, Christian Hanson, Tyler Randell, Matt Calvert, Evgeny Kuznetsov
Scratches
Phoenix Copley (Healthy)
% Time on Ice - Staline
Lines # - Real PCT - Wanted PCT - Time Play
Normal Forward
1 - 34% - 40% - 14:39
2 - 28% - 30% - 11:48
3 - 23% - 20% - 9:59
4 - 14% - 10% - 6:06
Normal Defense
1 - 43% - 40% - 18:23
2 - 33% - 30% - 14:01
3 - 21% - 20% - 8:56
4 - 3% - 10% - 1:12
PP Forward
1 - 58% - 60% - 3:48
2 - 42% - 40% - 2:48
PP Defense
1 - 60% - 60% - 3:57
2 - 40% - 40% - 2:39
PK Forward
1 - 69% - 60% - 7:31
2 - 31% - 40% - 3:21
PK Defense
1 - 63% - 60% - 6:52
2 - 37% - 40% - 4:00
PK3 Forward
1 - 0% - 60%
2 - 0% - 40%
PK3 Defense
1 - 0% - 60%
2 - 0% - 40%
44 Forward
1 - 0% - 60%
2 - 0% - 40%
44 Defense
1 - 0% - 60%
2 - 0% - 40%
Last Minute Offensive - 0:00
Last Minute Defensive - 0:00
Total
Forward - 60:00
Defense - 60:00
|
% Time on Ice - Patriotes
Lines # - Real PCT - Wanted PCT - Time Play
Normal Forward
1 - 36% - 40% - 15:28
2 - 28% - 30% - 11:57
3 - 16% - 20% - 6:56
4 - 19% - 10% - 8:11
Normal Defense
1 - 42% - 40% - 17:53
2 - 33% - 30% - 14:12
3 - 19% - 20% - 8:10
4 - 5% - 10% - 2:17
PP Forward
1 - 56% - 60% - 6:08
2 - 44% - 40% - 4:44
PP Defense
1 - 63% - 60% - 6:51
2 - 37% - 40% - 4:01
PK Forward
1 - 72% - 60% - 4:45
2 - 28% - 40% - 1:51
PK Defense
1 - 69% - 60% - 4:33
2 - 31% - 40% - 2:03
PK3 Forward
1 - 0% - 60%
2 - 0% - 40%
PK3 Defense
1 - 0% - 60%
2 - 0% - 40%
44 Forward
1 - 0% - 60%
2 - 0% - 40%
44 Defense
1 - 0% - 60%
2 - 0% - 40%
Last Minute Offensive - 0:00
Last Minute Defensive - 0:00
Total
Forward - 60:00
Defense - 60:00
|
Play by Play
1st period
0:01 of 1st period - Evgeny Kuznetsov wins face-off versus Lars Eller in neutral zone.
0:28 of 1st period - Minor Penalty to Alex Petrovic for Holding.
0:29 of 1st period - Christian Hanson wins face-off versus Corey Trivino in Staline zone.
1:04 of 1st period - Wrist shot by Matt Calvert.
1:04 of 1st period - Shot Misses the Net.
1:06 of 1st period - Snap shot by Evgeny Kuznetsov.
1:06 of 1st period - Deflect By Matt Calvert.
1:06 of 1st period - Stopped by Andrew Hammond with a rebound.
1:16 of 1st period - Cameron Gaunce is hit by David Kolomatis.
1:52 of 1st period - Corey Trivino is hit by Emerson Etem and loses puck.
2:28 of 1st period - Penalty to Alex Petrovic is over, Alex Petrovic is back on ice.
2:37 of 1st period - Shane Sims is hit by Marek Zagrapan and loses puck.
3:23 of 1st period - Snap shot by Tyler Pitlick.
3:23 of 1st period - Stopped by Andrei Vasilevskiy with a rebound.
3:43 of 1st period - Dale Weise is hit by Philip Larsen and loses puck.
4:07 of 1st period - David Kolomatis is hit by Barclay Goodrow and loses puck.
4:32 of 1st period - Dillon Heatherington is hit by Jiri Sekac and loses puck.
4:51 of 1st period - Cameron Gaunce is hit by Tyler Randell and loses puck.
5:15 of 1st period - Aaron Ness is hit by Bryan Bickell.
5:25 of 1st period - Peter Holland is hit by Timothy Kunes and loses puck.
5:36 of 1st period - David Kolomatis is hit by Nick Spaling and loses puck.
5:43 of 1st period - Christian Hanson is hit by Nick Spaling.
6:11 of 1st period - Corey Trivino is hit by Christian Hanson and loses puck.
6:23 of 1st period - Icing by Corey Trivino.
6:24 of 1st period - Corey Trivino wins face-off versus Evgeny Kuznetsov in Staline zone.
6:34 of 1st period - Slapshot by Evgeny Kuznetsov.
6:34 of 1st period - Shot Blocked by Corey Trivino.
6:36 of 1st period - Snap shot by Tyler Randell.
6:36 of 1st period - Goal by Tyler Randell - Staline : 0 - Patriotes : 1.
6:37 of 1st period - Evgeny Kuznetsov wins face-off versus Lars Eller in neutral zone.
6:39 of 1st period - Off-side.
6:40 of 1st period - Evgeny Kuznetsov wins face-off versus Lars Eller in neutral zone.
6:53 of 1st period - Snap shot by Jason Zucker.
6:53 of 1st period - Shot Misses the Net.
7:13 of 1st period - Wrist shot by Jordan Szwarz.
7:13 of 1st period - Stopped by Andrei Vasilevskiy with a rebound.
7:15 of 1st period - Slapshot by Alex Petrovic.
7:15 of 1st period - Stopped by Andrei Vasilevskiy with a rebound.
7:49 of 1st period - Snap shot by Nick Spaling.
7:49 of 1st period - Stopped by Andrei Vasilevskiy with a rebound.
7:57 of 1st period - Wrist shot by Christian Hanson.
7:57 of 1st period - Stopped by Andrew Hammond with a rebound.
8:23 of 1st period - Tyler Randell is hit by Charles Hudon and loses puck.
9:01 of 1st period - Snap shot by Vince Hinostroza.
9:01 of 1st period - Stopped by Andrew Hammond without a rebound.
9:02 of 1st period - Aleksander Barkov wins face-off versus Lars Eller in Staline zone.
9:05 of 1st period - Snap shot by Matt Calvert.
9:05 of 1st period - Shot Blocked by Nick Spaling.
9:07 of 1st period - Slapshot by Dillon Heatherington.
9:07 of 1st period - Shot Blocked by Alex Petrovic.
9:09 of 1st period - Slapshot by Shea Theodore.
9:09 of 1st period - Stopped by Andrew Hammond without a rebound.
9:10 of 1st period - Lars Eller wins face-off versus Aleksander Barkov in Staline zone.
9:39 of 1st period - Snap shot by Jason Zucker.
9:39 of 1st period - Shot Misses the Net.
9:41 of 1st period - Slapshot by Shea Theodore.
9:41 of 1st period - Shot Misses the Net.
9:43 of 1st period - Slapshot by Dillon Heatherington.
9:43 of 1st period - Shot Blocked by Alex Petrovic.
9:45 of 1st period - Snap shot by Jason Zucker.
9:45 of 1st period - Shot Hit the Post.
9:47 of 1st period - Backhand shot by Tyler Randell.
9:47 of 1st period - Stopped by Andrew Hammond with a rebound.
10:22 of 1st period - Snap shot by Nick Spaling.
10:22 of 1st period - Shot Blocked by Christian Hanson.
10:24 of 1st period - Snap shot by Jason Akeson.
10:24 of 1st period - Stopped by Andrei Vasilevskiy with a rebound.
10:26 of 1st period - Slapshot by Cameron Gaunce.
10:26 of 1st period - Stopped by Andrei Vasilevskiy without a rebound.
10:27 of 1st period - Evgeny Kuznetsov wins face-off versus Lars Eller in Patriotes zone.
10:27 of 1st period - Evgeny Kuznetsov is hit by Andrey Pedan.
10:42 of 1st period - Minor Penalty to Lars Eller for Hooking.
10:43 of 1st period - Christian Hanson wins face-off versus Corey Trivino in Staline zone.
10:43 of 1st period - Wrist shot by Tyler Randell.
10:43 of 1st period - Stopped by Andrew Hammond with a rebound.
10:45 of 1st period - Snap shot by Jason Zucker.
10:45 of 1st period - Shot Blocked by Nick Spaling.
10:57 of 1st period - Wrist shot by Jason Zucker.
10:57 of 1st period - Stopped by Andrew Hammond with a rebound.
10:59 of 1st period - Slapshot by Shea Theodore.
10:59 of 1st period - Shot Blocked by Nick Spaling.
11:18 of 1st period - Snap shot by Evgeny Kuznetsov.
11:18 of 1st period - Goal by Evgeny Kuznetsov - Staline : 0 - Patriotes : 2.
11:19 of 1st period - Evgeny Kuznetsov wins face-off versus Lars Eller in neutral zone.
11:25 of 1st period - Off-side.
11:26 of 1st period - Evgeny Kuznetsov wins face-off versus Lars Eller in neutral zone.
12:55 of 1st period - Wrist shot by Lars Eller.
12:55 of 1st period - Stopped by Andrei Vasilevskiy with a rebound.
12:57 of 1st period - Snap shot by Nick Spaling.
12:57 of 1st period - Shot Blocked by Tyler Randell.
12:59 of 1st period - Snap shot by Jason Akeson.
12:59 of 1st period - Shot Blocked by Evgeny Kuznetsov.
13:01 of 1st period - Slapshot by Alex Petrovic.
13:01 of 1st period - Shot Misses the Net.
13:15 of 1st period - Wrist shot by Tyler Pitlick.
13:15 of 1st period - Shot Misses the Net.
13:17 of 1st period - Slapshot by Viktor Loov.
13:17 of 1st period - Deflect By Marek Zagrapan.
13:17 of 1st period - Stopped by Andrei Vasilevskiy with a rebound.
13:25 of 1st period - Slapshot by Timothy Kunes.
13:25 of 1st period - Stopped by Andrew Hammond without a rebound.
13:26 of 1st period - Aleksander Barkov wins face-off versus Lars Eller in Staline zone.
13:27 of 1st period - Snap shot by Matt Calvert.
13:27 of 1st period - Stopped by Andrew Hammond without a rebound.
13:28 of 1st period - Lars Eller wins face-off versus Aleksander Barkov in Staline zone.
13:43 of 1st period - Snap shot by Lars Eller.
13:43 of 1st period - Shot Misses the Net.
13:58 of 1st period - Off-side.
13:59 of 1st period - Corey Trivino wins face-off versus Borna Rendulic in neutral zone.
14:02 of 1st period - Timothy Kunes is hit by Corey Trivino and loses puck.
14:13 of 1st period - Wrist shot by Corey Trivino.
14:13 of 1st period - Shot Blocked by Aaron Ness.
14:15 of 1st period - Slapshot by Andrey Pedan.
14:15 of 1st period - Stopped by Andrei Vasilevskiy without a rebound.
14:16 of 1st period - Tyler Randell wins face-off versus Lars Eller in Patriotes zone.
15:14 of 1st period - Wrist shot by Vince Hinostroza.
15:14 of 1st period - Stopped by Andrew Hammond with a rebound.
15:16 of 1st period - Slapshot by Dillon Heatherington.
15:16 of 1st period - Deflect By Corey Trivino.
15:16 of 1st period - Stopped by Andrew Hammond without a rebound.
15:17 of 1st period - Lars Eller wins face-off versus Evgeny Kuznetsov in Staline zone.
15:48 of 1st period - Off-side.
15:49 of 1st period - Lars Eller wins face-off versus Aleksander Barkov in neutral zone.
16:21 of 1st period - Minor Penalty to Marek Zagrapan for Roughing.
16:22 of 1st period - Christian Hanson wins face-off versus Corey Trivino in Staline zone.
16:22 of 1st period - Wrist shot by Jason Zucker.
16:22 of 1st period - Shot Blocked by Corey Trivino.
16:26 of 1st period - Snap shot by Jason Zucker.
16:26 of 1st period - Stopped by Andrew Hammond without a rebound.
16:27 of 1st period - Christian Hanson wins face-off versus Corey Trivino in Staline zone.
16:40 of 1st period - Snap shot by Christian Hanson.
16:40 of 1st period - Shot Hit the Post.
16:42 of 1st period - Slapshot by Timothy Kunes.
16:42 of 1st period - Deflect By Christian Hanson.
16:42 of 1st period - Stopped by Andrew Hammond with a rebound.
16:58 of 1st period - Snap shot by Matt Calvert.
16:58 of 1st period - Stopped by Andrew Hammond without a rebound.
16:59 of 1st period - Lars Eller wins face-off versus Christian Hanson in Staline zone.
17:33 of 1st period - Off-side.
17:34 of 1st period - Evgeny Kuznetsov wins face-off versus Corey Trivino in neutral zone.
17:41 of 1st period - Snap shot by Matt Calvert.
17:41 of 1st period - Deflect By Emerson Etem.
17:41 of 1st period - Deflect By Cameron Gaunce.
17:41 of 1st period - Shot Blocked by Cameron Gaunce.
17:41 of 1st period - Puck is out of play.
17:42 of 1st period - Christian Hanson wins face-off versus Corey Trivino in Staline zone.
17:47 of 1st period - Wrist shot by Tyler Randell.
17:47 of 1st period - Stopped by Andrew Hammond with a rebound.
18:21 of 1st period - Penalty to Marek Zagrapan is over, Marek Zagrapan is back on ice.
18:50 of 1st period - Wrist shot by Marek Zagrapan.
18:50 of 1st period - Stopped by Andrei Vasilevskiy with a rebound.
18:52 of 1st period - Slapshot by Mike Reilly.
18:52 of 1st period - Stopped by Andrei Vasilevskiy with a rebound.
18:54 of 1st period - Slapshot by Mike Reilly.
18:54 of 1st period - Stopped by Andrei Vasilevskiy without a rebound.
18:55 of 1st period - Marek Zagrapan wins face-off versus Evgeny Kuznetsov in Patriotes zone.
19:22 of 1st period - Timothy Kunes is hit by Jason Akeson and loses puck.
19:45 of 1st period - Wrist shot by Vince Hinostroza.
19:45 of 1st period - Stopped by Andrew Hammond with a rebound.
Goals for this period are 0 for Staline vs 2 for Patriotes.
Shots for this period are 12 for Staline vs 18 for Patriotes.
2nd period
0:01 of 2nd period - Lars Eller wins face-off versus Evgeny Kuznetsov in neutral zone.
0:06 of 2nd period - Aaron Ness is hit by Alex Petrovic and loses puck.
0:48 of 2nd period - Slapshot by Bryan Bickell.
0:48 of 2nd period - Stopped by Andrei Vasilevskiy with a rebound.
1:10 of 2nd period - Slapshot by Shane Sims.
1:10 of 2nd period - Shot Misses the Net.
1:21 of 2nd period - Icing by Shane Sims.
1:22 of 2nd period - Corey Trivino wins face-off versus Jared Knight in Patriotes zone.
1:36 of 2nd period - Off-side.
1:37 of 2nd period - Jason Akeson wins face-off versus Evgeny Kuznetsov in neutral zone.
1:58 of 2nd period - Evgeny Kuznetsov is hit by Philip Larsen.
2:15 of 2nd period - Minor Penalty to Matt Calvert for Holding Stick.
2:16 of 2nd period - Lars Eller wins face-off versus Jason Zucker in Patriotes zone.
3:53 of 2nd period - Icing by Lars Eller.
3:54 of 2nd period - Lars Eller wins face-off versus Evgeny Kuznetsov in Staline zone.
4:15 of 2nd period - Penalty to Matt Calvert is over, Matt Calvert is back on ice.
4:16 of 2nd period - Slapshot by Nick Spaling.
4:16 of 2nd period - Goal by Nick Spaling - Staline : 1 - Patriotes : 2.
4:17 of 2nd period - Corey Trivino wins face-off versus Evgeny Kuznetsov in neutral zone.
4:30 of 2nd period - Snap shot by Jordan Szwarz.
4:30 of 2nd period - Goal by Jordan Szwarz - Staline : 2 - Patriotes : 2.
4:31 of 2nd period - Evgeny Kuznetsov wins face-off versus Lars Eller in neutral zone.
4:34 of 2nd period - Slapshot by Timothy Kunes.
4:34 of 2nd period - Shot Blocked by Viktor Loov.
4:40 of 2nd period - Snap shot by Lars Eller.
4:40 of 2nd period - Shot Blocked by Evgeny Kuznetsov.
4:42 of 2nd period - Wrist shot by Jason Akeson.
4:42 of 2nd period - Deflect By Lars Eller.
4:42 of 2nd period - Stopped by Andrei Vasilevskiy with a rebound.
4:44 of 2nd period - Snap shot by Lars Eller.
4:44 of 2nd period - Deflect By Evgeny Kuznetsov.
4:44 of 2nd period - Shot Blocked by Timothy Kunes.
4:44 of 2nd period - Puck is out of play.
4:45 of 2nd period - Nick Spaling wins face-off versus Evgeny Kuznetsov in Patriotes zone.
5:10 of 2nd period - Matt Calvert is hit by Cameron Gaunce and loses puck.
5:17 of 2nd period - Snap shot by Jordan Szwarz.
5:17 of 2nd period - Stopped by Andrei Vasilevskiy without a rebound.
5:18 of 2nd period - Evgeny Kuznetsov wins face-off versus Corey Trivino in Patriotes zone.
5:18 of 2nd period - Evgeny Kuznetsov is hit by Jordan Szwarz.
5:43 of 2nd period - Philip Larsen is hit by Emerson Etem and loses puck.
5:51 of 2nd period - Aleksander Barkov is hit by Jason Akeson and loses puck.
6:52 of 2nd period - Snap shot by Evgeny Kuznetsov.
6:52 of 2nd period - Goal by Evgeny Kuznetsov - Staline : 2 - Patriotes : 3.
6:53 of 2nd period - Lars Eller wins face-off versus Evgeny Kuznetsov in neutral zone.
7:10 of 2nd period - Icing by Lars Eller.
7:11 of 2nd period - Aleksander Barkov wins face-off versus Lars Eller in Staline zone.
7:14 of 2nd period - Snap shot by Matt Calvert.
7:14 of 2nd period - Deflect By Emerson Etem.
7:14 of 2nd period - Goal by Emerson Etem - Staline : 2 - Patriotes : 4.
7:15 of 2nd period - Evgeny Kuznetsov wins face-off versus Lars Eller in neutral zone.
7:41 of 2nd period - Corey Trivino is hit by Matt Calvert and loses puck.
8:00 of 2nd period - Snap shot by Peter Holland.
8:00 of 2nd period - Shot Misses the Net.
8:02 of 2nd period - Slapshot by Viktor Loov.
8:02 of 2nd period - Shot Misses the Net.
8:04 of 2nd period - Wrist shot by Barclay Goodrow.
8:04 of 2nd period - Shot Blocked by Emerson Etem.
8:26 of 2nd period - Snap shot by Emerson Etem.
8:26 of 2nd period - Stopped by Andrew Hammond without a rebound.
8:27 of 2nd period - Evgeny Kuznetsov wins face-off versus Lars Eller in Staline zone.
8:28 of 2nd period - Snap shot by Jason Zucker.
8:28 of 2nd period - Shot Misses the Net.
8:30 of 2nd period - Snap shot by Evgeny Kuznetsov.
8:30 of 2nd period - Stopped by Andrew Hammond with a rebound.
9:06 of 2nd period - Wrist shot by Vince Hinostroza.
9:06 of 2nd period - Stopped by Andrew Hammond with a rebound.
9:28 of 2nd period - Bryan Bickell is hit by Borna Rendulic and loses puck.
9:49 of 2nd period - Snap shot by Tyler Randell.
9:49 of 2nd period - Shot Blocked by Cameron Gaunce.
10:05 of 2nd period - Jason Zucker is hit by Tyler Pitlick.
10:09 of 2nd period - David Kolomatis is hit by Alex Petrovic and loses puck.
10:22 of 2nd period - Snap shot by Marek Zagrapan.
10:22 of 2nd period - Stopped by Andrei Vasilevskiy with a rebound.
11:02 of 2nd period - Off-side.
11:03 of 2nd period - Aleksander Barkov wins face-off versus Lars Eller in neutral zone.
11:03 of 2nd period - Aleksander Barkov is hit by Nick Spaling.
11:14 of 2nd period - Minor Penalty to Alex Petrovic for Cross-checking.
11:15 of 2nd period - Nick Spaling wins face-off versus Austin Watson in Staline zone.
13:14 of 2nd period - Penalty to Alex Petrovic is over, Alex Petrovic is back on ice.
13:28 of 2nd period - Andrey Pedan is hit by Dale Weise and loses puck.
13:34 of 2nd period - Icing by Andrey Pedan.
13:35 of 2nd period - Jared Knight wins face-off versus Marek Zagrapan in Staline zone.
13:43 of 2nd period - Minor Penalty to Andrey Pedan for Slashing.
13:44 of 2nd period - Corey Trivino wins face-off versus Christian Hanson in Staline zone.
13:52 of 2nd period - Slapshot by Nick Spaling.
13:52 of 2nd period - Shot Misses the Net.
13:58 of 2nd period - Slapshot by Shane Sims.
13:58 of 2nd period - Shot Blocked by Alex Petrovic.
14:00 of 2nd period - Snap shot by Christian Hanson.
14:00 of 2nd period - Shot Blocked by Alex Petrovic.
15:17 of 2nd period - Christian Hanson is hit by Bryan Bickell and loses puck.
15:43 of 2nd period - Penalty to Andrey Pedan is over, Andrey Pedan is back on ice.
15:55 of 2nd period - Jared Knight is hit by Jason Akeson and loses puck.
15:59 of 2nd period - Icing by Jared Knight.
16:00 of 2nd period - Marek Zagrapan wins face-off versus Jared Knight in Patriotes zone.
16:40 of 2nd period - Charles Hudon is hit by Matt Calvert.
17:11 of 2nd period - Snap shot by Jordan Szwarz.
17:11 of 2nd period - Stopped by Andrei Vasilevskiy with a rebound.
17:25 of 2nd period - Snap shot by Vince Hinostroza.
17:25 of 2nd period - Stopped by Andrew Hammond with a rebound.
17:27 of 2nd period - Slapshot by Shane Sims.
17:27 of 2nd period - Shot Blocked by Philip Larsen.
17:39 of 2nd period - Slapshot by Lars Eller.
17:39 of 2nd period - Shot Blocked by Timothy Kunes.
17:41 of 2nd period - Minor Penalty to Timothy Kunes for Interference.
17:42 of 2nd period - Jason Zucker wins face-off versus Lars Eller in Patriotes zone.
17:55 of 2nd period - Jason Akeson is hit by Shane Sims and loses puck.
18:16 of 2nd period - Slapshot by Bryan Bickell.
18:16 of 2nd period - Shot Misses the Net.
18:18 of 2nd period - Snap shot by Corey Trivino.
18:18 of 2nd period - Deflect By Jordan Szwarz.
18:18 of 2nd period - Shot Misses the Net.
18:18 of 2nd period - Puck is out of play.
18:19 of 2nd period - Corey Trivino wins face-off versus Jason Zucker in Patriotes zone.
19:41 of 2nd period - Penalty to Timothy Kunes is over, Timothy Kunes is back on ice.
19:44 of 2nd period - Slapshot by Timothy Kunes.
19:44 of 2nd period - Stopped by Andrew Hammond without a rebound.
19:45 of 2nd period - Emerson Etem wins face-off versus Marek Zagrapan in Staline zone.
Goals for this period are 2 for Staline vs 2 for Patriotes.
Shots for this period are 7 for Staline vs 7 for Patriotes.
3rd period
0:01 of 3rd period - Lars Eller wins face-off versus Evgeny Kuznetsov in neutral zone.
0:16 of 3rd period - Slapshot by Timothy Kunes.
0:16 of 3rd period - Stopped by Andrew Hammond without a rebound.
0:17 of 3rd period - Aleksander Barkov wins face-off versus Corey Trivino in Staline zone.
0:20 of 3rd period - Snap shot by Emerson Etem.
0:20 of 3rd period - Stopped by Andrew Hammond with a rebound.
1:08 of 3rd period - Minor Penalty to Tyler Pitlick for Hooking.
1:09 of 3rd period - Corey Trivino wins face-off versus Christian Hanson in Staline zone.
1:18 of 3rd period - Shane Sims is hit by Corey Trivino and loses puck.
1:43 of 3rd period - Slapshot by David Kolomatis.
1:43 of 3rd period - Deflect By Cameron Gaunce.
1:43 of 3rd period - Stopped by Andrew Hammond with a rebound.
1:45 of 3rd period - Wrist shot by Emerson Etem.
1:45 of 3rd period - Stopped by Andrew Hammond with a rebound.
3:08 of 3rd period - Penalty to Tyler Pitlick is over, Tyler Pitlick is back on ice.
3:38 of 3rd period - Icing by Cameron Gaunce.
3:39 of 3rd period - Marek Zagrapan wins face-off versus Jared Knight in Staline zone.
3:48 of 3rd period - David Kolomatis is hit by Alex Petrovic and loses puck.
3:57 of 3rd period - Icing by Shane Sims.
3:58 of 3rd period - Lars Eller wins face-off versus Jared Knight in Patriotes zone.
4:04 of 3rd period - Snap shot by Nick Spaling.
4:04 of 3rd period - Shot Blocked by Shane Sims.
4:06 of 3rd period - Snap shot by Jason Akeson.
4:06 of 3rd period - Deflect By Nick Spaling.
4:06 of 3rd period - Shot Misses the Net.
4:06 of 3rd period - Puck is out of play.
4:07 of 3rd period - Evgeny Kuznetsov wins face-off versus Lars Eller in Patriotes zone.
4:26 of 3rd period - Backhand shot by Lars Eller.
4:26 of 3rd period - Stopped by Andrei Vasilevskiy without a rebound.
4:27 of 3rd period - Corey Trivino wins face-off versus Emerson Etem in Patriotes zone.
4:31 of 3rd period - Icing by Dillon Heatherington.
4:32 of 3rd period - Aleksander Barkov wins face-off versus Corey Trivino in Patriotes zone.
5:23 of 3rd period - Wrist shot by Matt Calvert.
5:23 of 3rd period - Shot Blocked by Alex Petrovic.
5:25 of 3rd period - Snap shot by Emerson Etem.
5:25 of 3rd period - Goal by Emerson Etem - Staline : 2 - Patriotes : 5.
5:26 of 3rd period - Lars Eller wins face-off versus Evgeny Kuznetsov in neutral zone.
5:29 of 3rd period - Jason Zucker is hit by Viktor Loov and loses puck.
5:37 of 3rd period - Off-side.
5:38 of 3rd period - Lars Eller wins face-off versus Evgeny Kuznetsov in neutral zone.
6:26 of 3rd period - Wrist shot by Jiri Sekac.
6:26 of 3rd period - Stopped by Andrei Vasilevskiy with a rebound.
6:28 of 3rd period - Snap shot by Tyler Pitlick.
6:28 of 3rd period - Shot Blocked by David Kolomatis.
6:30 of 3rd period - Snap shot by Tyler Pitlick.
6:30 of 3rd period - Shot Misses the Net.
6:32 of 3rd period - Wrist shot by Marek Zagrapan.
6:32 of 3rd period - Stopped by Andrei Vasilevskiy without a rebound.
6:33 of 3rd period - Lars Eller wins face-off versus Tyler Randell in Patriotes zone.
6:34 of 3rd period - Snap shot by Nick Spaling.
6:34 of 3rd period - Stopped by Andrei Vasilevskiy with a rebound.
6:36 of 3rd period - Minor Penalty to Shane Sims for Tripping.
6:37 of 3rd period - Jason Zucker wins face-off versus Lars Eller in Patriotes zone.
7:02 of 3rd period - Dillon Heatherington is hit by Bryan Bickell and loses puck.
7:25 of 3rd period - Lars Eller is hit by Dillon Heatherington and loses puck.
7:30 of 3rd period - Snap shot by Tyler Randell.
7:30 of 3rd period - Stopped by Andrew Hammond with a rebound.
7:36 of 3rd period - Wrist shot by Tyler Randell.
7:36 of 3rd period - Shot Misses the Net.
7:38 of 3rd period - Backhand shot by Timothy Kunes.
7:38 of 3rd period - Stopped by Andrew Hammond with a rebound.
8:36 of 3rd period - Penalty to Shane Sims is over, Shane Sims is back on ice.
8:48 of 3rd period - Wrist shot by Jiri Sekac.
8:48 of 3rd period - Shot Misses the Net.
9:10 of 3rd period - Dale Weise is hit by Peter Holland and loses puck.
9:26 of 3rd period - Snap shot by Aaron Ness.
9:26 of 3rd period - Deflect By Matt Calvert.
9:26 of 3rd period - Stopped by Andrew Hammond without a rebound.
9:27 of 3rd period - Emerson Etem wins face-off versus Marek Zagrapan in Staline zone.
9:44 of 3rd period - Marek Zagrapan is hit by Emerson Etem and loses puck.
10:04 of 3rd period - Minor Penalty to Shane Sims for Tripping.
10:05 of 3rd period - Jason Zucker wins face-off versus Lars Eller in Patriotes zone.
10:35 of 3rd period - Slapshot by Cameron Gaunce.
10:35 of 3rd period - Shot Misses the Net.
10:37 of 3rd period - Slapshot by Cameron Gaunce.
10:37 of 3rd period - Stopped by Andrei Vasilevskiy with a rebound.
10:39 of 3rd period - Snap shot by Cameron Gaunce.
10:39 of 3rd period - Deflect By Bryan Bickell.
10:39 of 3rd period - Stopped by Andrei Vasilevskiy without a rebound.
10:40 of 3rd period - Lars Eller wins face-off versus Tyler Randell in Patriotes zone.
10:43 of 3rd period - Wrist shot by Nick Spaling.
10:43 of 3rd period - Goal by Nick Spaling - Staline : 3 - Patriotes : 5.
10:44 of 3rd period - Evgeny Kuznetsov wins face-off versus Lars Eller in neutral zone.
10:44 of 3rd period - Evgeny Kuznetsov is hit by Lars Eller.
10:59 of 3rd period - Off-side.
11:00 of 3rd period - Corey Trivino wins face-off versus Aleksander Barkov in neutral zone.
11:02 of 3rd period - Minor Penalty to Alex Petrovic for Roughing.
11:03 of 3rd period - Christian Hanson wins face-off versus Corey Trivino in Staline zone.
11:11 of 3rd period - Slapshot by Jason Zucker.
11:11 of 3rd period - Stopped by Andrew Hammond without a rebound.
11:12 of 3rd period - Christian Hanson wins face-off versus Corey Trivino in Staline zone.
11:21 of 3rd period - Snap shot by Tyler Randell.
11:21 of 3rd period - Stopped by Andrew Hammond with a rebound.
11:23 of 3rd period - Wrist shot by Jason Zucker.
11:23 of 3rd period - Goal by Jason Zucker - Staline : 3 - Patriotes : 6.
11:24 of 3rd period - Evgeny Kuznetsov wins face-off versus Lars Eller in neutral zone.
11:37 of 3rd period - Snap shot by Nick Spaling.
11:37 of 3rd period - Shot Misses the Net.
11:39 of 3rd period - Slapshot by Alex Petrovic.
11:39 of 3rd period - Stopped by Andrei Vasilevskiy without a rebound.
11:40 of 3rd period - Corey Trivino wins face-off versus Aleksander Barkov in Patriotes zone.
11:47 of 3rd period - Slapshot by Bryan Bickell.
11:47 of 3rd period - Shot Blocked by Aaron Ness.
11:53 of 3rd period - Snap shot by Jordan Szwarz.
11:53 of 3rd period - Shot Misses the Net.
12:19 of 3rd period - Snap shot by Lars Eller.
12:19 of 3rd period - Stopped by Andrei Vasilevskiy with a rebound.
12:34 of 3rd period - Philip Larsen is hit by Evgeny Kuznetsov.
13:21 of 3rd period - Wrist shot by Evgeny Kuznetsov.
13:21 of 3rd period - Stopped by Andrew Hammond with a rebound.
13:33 of 3rd period - Wrist shot by Jason Zucker.
13:33 of 3rd period - Stopped by Andrew Hammond with a rebound.
13:35 of 3rd period - Slapshot by Aaron Ness.
13:35 of 3rd period - Shot Blocked by Philip Larsen.
13:45 of 3rd period - Wrist shot by Jason Zucker.
13:45 of 3rd period - Shot Misses the Net.
14:05 of 3rd period - Slapshot by Timothy Kunes.
14:05 of 3rd period - Deflect By Philip Larsen.
14:05 of 3rd period - Stopped by Andrew Hammond with a rebound.
14:07 of 3rd period - Slapshot by Aaron Ness.
14:07 of 3rd period - Shot Blocked by Viktor Loov.
14:09 of 3rd period - Wrist shot by Tyler Randell.
14:09 of 3rd period - Stopped by Andrew Hammond with a rebound.
14:11 of 3rd period - Slapshot by Aaron Ness.
14:11 of 3rd period - Shot Misses the Net.
14:13 of 3rd period - Snap shot by Evgeny Kuznetsov.
14:13 of 3rd period - Stopped by Andrew Hammond without a rebound.
14:14 of 3rd period - Aleksander Barkov wins face-off versus Lars Eller in Staline zone.
14:40 of 3rd period - Aleksander Barkov is hit by Cameron Gaunce and loses puck.
14:53 of 3rd period - Slapshot by Tyler Pitlick.
14:53 of 3rd period - Shot Blocked by Matt Calvert.
16:22 of 3rd period - Shea Theodore is hit by Corey Trivino and loses puck.
16:37 of 3rd period - Vince Hinostroza is hit by Tyler Pitlick and loses puck.
17:41 of 3rd period - Philip Larsen is hit by Timothy Kunes and loses puck.
19:11 of 3rd period - Shea Theodore is hit by Peter Holland and loses puck.
19:22 of 3rd period - Shea Theodore is hit by Jason Akeson and loses puck.
Goals for this period are 1 for Staline vs 2 for Patriotes.
Shots for this period are 9 for Staline vs 16 for Patriotes.
Back to the Top